 Dungeon Crawl Stone Soup version 0.31.0-9-g3a7656b989 (webtiles) character file.

Game seed: 8414099003019480318

1225 Killerpretzel the Thaumaturge (level 8, -5/41 HPs)
             Began as a Deep Elf Conjurer on Jan 25, 2024.
             Was a Follower of Vehumet.
             Slain by a sixfirhy (10 damage)
             ... summoned by a kobold demonologist
             ... on level 6 of the Dungeon.
             The game lasted 00:27:18 (6069 turns).

Killerpretzel the Thaumaturge (Deep Elf Conjurer)   Turns: 6069, Time: 00:27:19

Health: -5/41      AC:  7    Str:  2    XL:     8   Next: 23%
Magic:  16/23      EV: 18    Int: 26    God:    Vehumet [*.....]
Gold:   281        SH:  0    Dex: 19    Spells: 22/25 levels left

rFire   . . .        l - staff of conjuration
rCold   . . .        (no shield)
rNeg    . . .        q - +4 robe of Zuyrem {Str-2 Dex+6}
rPois   .            (no helmet)
rElec   .            (no cloak)
rCorr   .            x - +0 pair of gloves
SInv    .            (no boots)
Will    .....        o - amulet of faith
Stlth   +++          i - +5 ring of evasion
HPRegen 0.26/turn    (no ring)
MPRegen 0.18/turn

%: faith
@: no status effects
A: no striking features
a: Renounce Religion


You were on level 6 of the Dungeon.
You worshipped Vehumet.
Vehumet was aware of your devotion.
You visited 1 branch of the dungeon, and saw 6 of its levels.

You collected 281 gold pieces.

Inventory:

Hand Weapons
 v - a +0 antimagic mace
Missiles
 p - a throwing net
Armour
 a - a +0 robe
 q - the +4 robe of Zuyrem (worn) {Str-2 Dex+6}
   (You found it on level 3 of the Dungeon)

   Str-2:     It affects your strength (-2).
   Dex+6:     It affects your dexterity (+6).
 x - a +0 pair of gloves (worn)
Magical Staves
 l - a staff of conjuration (weapon)
Jewellery
 i - a +5 ring of evasion (left hand)
 o - an amulet of faith (around neck)
Wands
 w - a wand of paralysis (10)
Scrolls
 d - 4 scrolls of teleportation {unknown}
 e - 2 scrolls of poison {unknown}
 f - 5 scrolls of identify {unknown}
 h - 2 scrolls of fog {unknown}
 j - 4 scrolls of vulnerability {unknown}
 r - a scroll of enchant armour {unknown}
 s - a scroll of noise {unknown}
 t - a scroll of fear {unknown}
 y - a scroll of enchant weapon {unknown}
Potions
 b - a potion of magic
 c - 3 potions of enlightenment {unknown}
 g - 2 potions of might {unknown}
 k - a potion of resistance {unknown}
 m - a potion of haste {unknown}
 n - 2 potions of lignification {unknown}
 u - 3 potions of heal wounds {unknown}
 z - a potion of curing {unknown}
 A - a potion of attraction {unknown}


   Skills:
 - Level 3.0 Dodging
 - Level 3.1 Stealth
 * Level 9.4 Spellcasting
 * Level 8.7 Conjurations


You had 22 spell levels left.
You knew the following spells:

 Your Spells              Type           Power      Damage    Failure   Level
a - Magic Dart            Conj           100%       1d8       1%          1
b - Searing Ray           Conj           100%       2d8       1%          2

Your spell library contained the following spells:

 Spells                   Type           Power      Damage    Failure   Level
 Kiss of Death            Conj/Necr      100%       2d13      1%          1
 Ensorcelled Hibernation  Hex/Ice        24%        N/A       8%          2
 Fulminant Prism          Conj/Alch      25%        3d13      9%          4
 Iskenderun's Mystic Bla  Conj/Tloc      51%        2d11      9%          4
 Passwall                 Erth           12%        N/A       14%         3
 Swiftness                Air            12%        N/A       14%         3


Dungeon Overview and Level Annotations

Branches:
Dungeon (6/15)             Temple (0/1) D:4

Altars:
Hepliaklqana
Okawaru
Vehumet
Yredelemnul
The Shining One

Shops:
D:1 :

Annotations:
D:4 exclusion: black bear
D:5 exclusion: phantom
D:6 Blork the orc


Message History

Aiming: Searing Ray (safe; 1% risk of failure)
Press: ? - help, Shift-Dir - straight line, f - Blork the orc
Aim: Blork the orc, wielding a +0 war axe and wearing a +0 robe (85% to hit)
You feel a surge of power!
The searing ray hits Blork the orc!
Blork the orc is moderately wounded. (Press . to maintain the ray.)
The kobold demonologist casts a spell.
Blork the orc looks encouraged for a moment.
The searing ray hits the sixfirhy.
The sixfirhy is lightly wounded.
The searing ray hits Blork the orc.
Blork the orc is heavily wounded.
The kobold demonologist mumbles some strange words.
The searing ray misses the sixfirhy.
The searing ray hits Blork the orc.
Blork the orc is heavily wounded.
Blork the orc casts a spell.
Blork the orc seems to speed up.
The sixfirhy hits you but does no damage.
The searing ray hits the sixfirhy.
The sixfirhy is lightly wounded.
The searing ray hits Blork the orc.
Blork the orc is severely wounded.
You finish channelling your searing ray.
The sixfirhy hits you! The sixfirhy shocks you! The sixfirhy misses you.
The sixfirhy hits you. The sixfirhy shocks you!
* * * LOW HITPOINT WARNING * * *
The sixfirhy completely misses you.
Casting: Searing Ray (safe; 1% risk of failure)
Confirm with . or Enter, or press ? or * to list all spells.
Aiming: Searing Ray (safe; 1% risk of failure)
Press: ? - help, Shift-Dir - straight line, f/p - Blork the orc
Aim: Blork the orc, wielding a +0 war axe and wearing a +0 robe (severely wounded, fast, 85% to hit)
You feel a surge of power!
The searing ray misses the sixfirhy.
The searing ray hits Blork the orc!
Blork the orc is almost dead. (Press . to maintain the ray.)
The sixfirhy hits you!
* * * LOW HITPOINT WARNING * * *
The sixfirhy shocks you!
You die...

....# ....# ##### ....#
#.... ....# #(...
##########....####....
##........+....+..'....
##..########....####....
#..#...@3o.K4...........
#.##.#######.........###
#.##.# .........#
##.##.##### K........#
##..##.....# ......!..#
#..#######.# .........###
##'########.###$.?..$......
#.>........................
#...#######.###########....


You could see an ice devil (summoned), a kobold demonologist, a sixfirhy
(summoned) and Blork the orc (fast).

Vanquished Creatures
  4 black bears
  An ogre (D:5)
  2 bullfrogs (D:6)
  4 scorpions
  A howler monkey (D:5)
  A bombardier beetle (D:5)
  A jelly (D:6)
  A gnoll bouda (D:6)
  A sleepcap (D:6)
  An iguana (D:6)
  12 gnolls
  5 adders
  3 dart slugs
  8 endoplasms
  3 giant cockroaches (D:1)
  10 goblins
  6 hobgoblins
  8 jackals
  4 kobolds
  A quokka (D:3)
  4 ball pythons
  5 bats
  A frilled lizard (D:1)
  3 rats
90 creatures vanquished.

Notes
Turn   | Place    | Note
-------+----------+-------------------------------------------
     0 | D:1      | Killerpretzel the Deep Elf Conjurer began the quest for the
                  | Orb.
     0 | D:1      | Reached XP level 1. HP: 10/10 MP: 6/6
    12 | D:1      | Found Riraathros's Book Boutique.
   205 | D:1      | Reached XP level 2. HP: 15/15 MP: 6/8
   303 | D:1      | Learned a level 2 spell: Searing Ray
   413 | D:1      | Found a faded altar of an unknown god.
   922 | D:1      | Reached XP level 3. HP: 19/19 MP: 7/10
  1563 | D:2      | Reached skill level 4 in Spellcasting
  1702 | D:2      | Reached skill level 5 in Conjurations
  1863 | D:2      | Reached XP level 4. HP: 24/24 MP: 9/12
  2562 | D:3      | Reached skill level 5 in Spellcasting
  2711 | D:3      | Identified the +4 robe of Zuyrem {Str-2 Dex+6}
  2904 | D:4      | Noticed a black bear
  2924 | D:4      | Reached XP level 5. HP: 28/28 MP: 12/14
  3211 | D:4      | Found a glowing golden altar of the Shining One.
  3213 | D:4      | Found an iron altar of Okawaru.
  3265 | D:4      | Found a radiant altar of Vehumet.
  3265 | D:4      | Found a basalt altar of Yredelemnul.
  3319 | D:4      | Became a worshipper of Vehumet
  3436 | D:4      | Found a staircase to the Ecumenical Temple.
  3896 | D:5      | Entered Level 5 of the Dungeon
  4016 | D:5      | Reached skill level 6 in Spellcasting
  4016 | D:5      | Reached XP level 6. HP: 32/32 MP: 4/17
  4279 | D:5      | Reached skill level 7 in Spellcasting
  4279 | D:5      | Reached XP level 7. HP: 36/36 MP: 8/19
  4879 | D:6      | Reached skill level 8 in Spellcasting
  5060 | D:6      | Reached XP level 8. HP: 36/41 MP: 14/22
  5205 | D:6      | Noticed Blork the orc
  5258 | D:6      | Reached * piety under Vehumet
  5258 | D:6      | Offered knowledge of Kiss of Death by Vehumet.
  5259 | D:6      | Reached skill level 9 in Spellcasting
  5325 | D:6      | Found a hazy altar of Hepliaklqana.
  6060 | D:6      | Noticed a kobold demonologist
  6066 | D:6      | Noticed a sixfirhy
  6067 | D:6      | Noticed an ice devil
  6069 | D:6      | Slain by a sixfirhy

Illustrated notes

Levels and vault maps discovered:
D:1:      saegor_arrival_simple_a, layout_basic,
          shapermc_ecumenical_altar_mp_vishouse, serial_shops,
          nicolae_shop_pleasant_corner_grove, chequers_arboretum
D:2:      layout_basic
D:3:      layout_rooms
D:4:      layout_basic, grunt_temple_overflow_open, lemuel_temple_firewalk_a
D:5:      layout_basic, serial_bayou, serial_bayou_lake_a, serial_bayou_shore_a,
          serial_bayou_pond_c, serial_bayou_pond_d
D:6:      layout_basic, nicolae_hepliaklqana_hazy_memory, corexii_checkpoint,
          kennysheep_generic_room_15, uniq_blork_the_orc

Skill      XL: |  1  2  3  4  5  6  7  8 |
---------------+-------------------------+-----
Stealth        | 3 |  3.1
Dodging        | 3 |  3.0
Spellcasting   | 4 5 6 7 8 9 |  9.4
Conjurations   | 5 6 7 8 |  8.7

Action                     |  1- 3 |  4- 6 |  7- 9 || total
---------------------------+-------+-------+-------++-------
   Cast: Magic Dart        |    69 |    68 |    31 ||   168
         Searing Ray       |     2 |    12 |    25 ||    39
 Armour: Robe              |     3 |     4 |    16 ||    23
  Dodge: Dodged            |     4 |    12 |    40 ||    56
